Warning! The script has encountered some errors when parsing the replay. Please report them to the . » details
0x00, prev: 0x16: 16 02 01 00 9A 9D 00 00 04 17 01 00 [00] 00 00 00 00 00 00 00 00 00 00 00 00 00 00 00 00 00 00 00 00 00 00 00 00 00
0x00, prev: 0x00: 16 02 01 00 9A 9D 00 00 04 17 01 00 00 00 00 00 00 00 00 00 00 00 00 00 00 00 00 00 00 00 00 00 00 00 00 00 [00] 00
0x00, prev: 0x01: 16 02 01 00 27 A1 00 00 86 39 01 00 00 00 00 00 00 00 00 00 00 00 00 00 00 00 00 00 00 00 00 00 00 00 00 00 01 [00]
General information
- name: BNet
- type: Ladder team game (AT/RT)
- host: Battle.net
- saver: brucewillisusa
map: Friends
- players: 8
- length: 19:15
- speed: Fast
- version: 1.23 W3XP
- replay type: Public
» download(150 KB)
Players
team 1 (winner)
f.u.m (
green | 384 APM | 1408 actions | 03:40)
2 Blademaster
1 Wind Walk
1 Critical Strike
1 Tauren Chieftain
1 War Stomp
» actions
| Assign group hotkey | 21 | |
| Basic commands | 174 | |
| Build / train | 58 | |
| Enter build submenu | 14 | |
| Enter hero's abilities submenu | 5 | |
| Give item / drop item | 2 | |
| Right click | 417 | |
| Select / deselect | 262 | |
| Select group hotkey | 385 | |
| Use ability | 70 | |
1408 total
» units
| Peon | 8 | |
| Grunt | 5 | |
| Demolisher | 2 | |
| Shaman | 3 | |
| Tauren | 6 | |
| Troll Witch Doctor | 1 | |
25 total
» upgrades
| Shaman Training | 1 | |
| Armor | 1 | |
| Melee Weapons | 1 | |
| Pulverize | 1 | |
4 total
» buildings
| Orc Burrow | 6 | |
| Voodoo Lounge | 2 | |
| Altar of Storms | 1 | |
| Barracks | 1 | |
| War Mill | 1 | |
| Stronghold | 1 | |
| Spirit Lodge | 1 | |
| Fortress | 1 | |
| Tauren Totem | 2 | |
16 total
» build order
00:05 Orc Burrow
00:08 Voodoo Lounge
00:11 Altar of Storms
00:33 Voodoo Lounge
01:25 Barracks
01:54 Orc Burrow
03:33 War Mill
03:40 Orc Burrow
» items
| Healing Salve | 3 | |
| Lesser Clarity Potion | 7 | |
| Potion of Healing | 3 | |
| Potion of Mana | 3 | |
| Scroll of Speed | 2 | |
| Orb of Lightning | 1 | |
19 total
brokebastard (
orange | 259 APM | 950 actions | 03:40)
2 Death Knight
1 Death Coil
1 Unholy Aura
1 Dreadlord
1 Carrion Swarm
» actions
| Assign group hotkey | 23 | |
| Build / train | 49 | |
| Enter build submenu | 13 | |
| Enter hero's abilities submenu | 6 | |
| Right click | 389 | |
| Select / deselect | 190 | |
| Select group hotkey | 238 | |
| Use ability | 42 | |
950 total
» units
| Acolyte | 4 | |
| Ghoul | 4 | |
| Crypt Fiend | 17 | |
| Obsidian Statue | 1 | |
| Necromancer | 4 | |
30 total
» upgrades
| Creature Attack | 2 | |
| Web | 1 | |
| Creature Carapace | 1 | |
| Necromancer Training | 1 | |
5 total
» buildings
| Crypt | 1 | |
| Ziggurat | 6 | |
| Graveyard | 1 | |
| Altar of Darkness | 1 | |
| Halls of the Dead | 1 | |
| Spirit Tower | 2 | |
| Slaughterhouse | 1 | |
| Tomb of Relics | 1 | |
| Temple of the Damned | 1 | |
| Black Citadel | 1 | |
16 total
» build order
00:06 Crypt
00:12 Ziggurat
00:38 Graveyard
00:56 Altar of Darkness
01:40 Ziggurat
03:13 Halls of the Dead
03:40 Ziggurat

»
LaLiKiLLer (
purple | 280 APM | 1026 actions | 03:40)
2 Priestess of the Moon
1 Trueshot Aura
1 Searing Arrows
1 Keeper of the Grove
1 Entangling Roots
» actions
| Assign group hotkey | 5 | |
| Build / train | 50 | |
| Enter build submenu | 14 | |
| Enter hero's abilities submenu | 8 | |
| Right click | 669 | |
| Select / deselect | 222 | |
| Select group hotkey | 21 | |
| Use ability | 37 | |
1026 total
» units
| Wisp | 11 | |
| Huntress | 7 | |
| Dryad | 10 | |
| Druid of the Claw | 2 | |
30 total
» upgrades
| Strength of the Moon | 2 | |
| Moon Armor | 1 | |
| Strength of the Wild | 2 | |
| Reinforced Hides | 1 | |
| Abolish Magic | 1 | |
| Druid of the Claw Training | 1 | |
8 total
» buildings
| Altar of Elders | 1 | |
| Moon Well | 4 | |
| Hunter's Hall | 1 | |
| Ancient of War | 2 | |
| Tree of Ages | 1 | |
| Ancient Protector | 3 | |
| Ancient of Lore | 2 | |
14 total
» build order
00:21 Altar of Elders
00:40 Moon Well
01:32 Hunter's Hall
01:54 Moon Well
02:18 Ancient of War
02:38 Ancient of War
02:48 Moon Well
03:40 Ancient Protector
» items

»
brucewillisusa (
red | 327 APM | 1199 actions | 03:40)
2 Blademaster
1 Wind Walk
1 Critical Strike
» actions
| Assign group hotkey | 35 | |
| Basic commands | 8 | |
| Build / train | 56 | |
| ESC pressed | 1 | |
| Enter build submenu | 23 | |
| Enter hero's abilities submenu | 6 | |
| Give item / drop item | 1 | |
| Right click | 573 | |
| Select / deselect | 119 | |
| Select group hotkey | 288 | |
| Use ability | 89 | |
1199 total
» units
» upgrades
| Ranged Weapons | 2 | |
| Liquid Fire | 1 | |
| Reinforced Defenses | 1 | |
4 total
» buildings
| Altar of Storms | 1 | |
| Orc Burrow | 4 | |
| Voodoo Lounge | 1 | |
| War Mill | 1 | |
| Stronghold | 1 | |
| Watch Tower | 13 | |
| Fortress | 1 | |
| Beastiary | 3 | |
25 total
» build order
00:10 Altar of Storms
00:15 Orc Burrow
00:59 Voodoo Lounge
01:06 War Mill
03:22 Stronghold
03:26 Watch Tower
03:27 Watch Tower
03:28 Watch Tower
03:31 Watch Tower
03:40 Watch Tower
» items
| Lesser Clarity Potion | 8 | |
| Healing Salve | 4 | |
| Scroll of Speed | 3 | |
| Orb of Lightning | 1 | |
| Tiny Great Hall | 1 | |
17 total
team 2 (loser)

»
lo3withpandas (
yellow | 348 APM | 1276 actions | 03:40)
2 Pit Lord
1 Howl of Terror
1 Cleaving Attack
1 Death Knight
1 Death Coil
» actions
| Assign group hotkey | 93 | |
| Basic commands | 49 | |
| Build / train | 36 | |
| ESC pressed | 3 | |
| Enter build submenu | 21 | |
| Enter hero's abilities submenu | 4 | |
| Right click | 667 | |
| Select / deselect | 185 | |
| Select group hotkey | 131 | |
| Use ability | 87 | |
1276 total
» units
| Acolyte | 7 | |
| Ghoul | 7 | |
| Crypt Fiend | 5 | |
| Frost Wyrm | 2 | |
21 total
» upgrades
| Cannibalize | 1 | |
| Creature Attack | 1 | |
| Web | 1 | |
3 total
» buildings
| Altar of Darkness | 3 | |
| Crypt | 2 | |
| Ziggurat | 7 | |
| Graveyard | 1 | |
| Tomb of Relics | 1 | |
| Nerubian Tower | 1 | |
| Halls of the Dead | 1 | |
| Sacrificial Pit | 1 | |
| Black Citadel | 1 | |
| Boneyard | 2 | |
20 total
» build order
00:08 Altar of Darkness
00:09 Crypt
00:11 Altar of Darkness
00:34 Ziggurat
01:10 Altar of Darkness
01:28 Crypt
01:56 Ziggurat
02:21 Graveyard
03:07 Tomb of Relics
03:35 Nerubian Tower
03:40 Ziggurat
» items
| Rod of Necromancy | 1 | |
| Dust of Appearance | 1 | |
| Scroll of Town Portal | 1 | |
3 total
Human-Caster320 (
blue | 294 APM | 1078 actions | 03:40)
2 Priestess of the Moon
1 Trueshot Aura
1 Scout
» actions
| Basic commands | 115 | |
| Build / train | 38 | |
| Enter build submenu | 13 | |
| Enter hero's abilities submenu | 5 | |
| Right click | 656 | |
| Select / deselect | 226 | |
| Use ability | 25 | |
1078 total
» units
» upgrades
» buildings
| Altar of Elders | 1 | |
| Moon Well | 5 | |
| Ancient of War | 2 | |
| Tree of Ages | 1 | |
| Hunter's Hall | 1 | |
| Ancient of Wind | 1 | |
| Tree of Life | 3 | |
14 total
» build order
00:26 Altar of Elders
00:40 Moon Well
01:07 Ancient of War
01:42 Moon Well
02:36 Ancient of War
02:39 Moon Well
03:35 Moon Well
03:40 Tree of Life
» items
| Scroll of Town Portal | 1 | |
| Scroll of Regeneration | 1 | |
| Lesser Clarity Potion | 1 | |
3 total

»
hippochop (
pink | 348 APM | 1275 actions | 03:40)
2 Blademaster
1 Wind Walk
1 Critical Strike
1 Shadow Hunter
1 Hex
» actions
| Assign group hotkey | 35 | |
| Basic commands | 37 | |
| Build / train | 53 | |
| ESC pressed | 4 | |
| Enter build submenu | 22 | |
| Enter hero's abilities submenu | 6 | |
| Right click | 756 | |
| Select / deselect | 188 | |
| Select group hotkey | 79 | |
| Use ability | 95 | |
1275 total
» units
| Peon | 9 | |
| Troll Headhunter/Berserker | 2 | |
| Grunt | 5 | |
| Forest Troll Shadow Priest | 1 | |
| Wind Rider | 4 | |
| Raider | 6 | |
27 total
» upgrades
| Spiked Barricades | 1 | |
| Armor | 1 | |
| Ranged Weapons | 1 | |
| Ensnare | 1 | |
| Melee Weapons | 1 | |
5 total
» buildings
| Altar of Storms | 1 | |
| Orc Burrow | 7 | |
| War Mill | 1 | |
| Barracks | 1 | |
| Voodoo Lounge | 1 | |
| Watch Tower | 4 | |
| Stronghold | 1 | |
| Beastiary | 1 | |
| Fortress | 1 | |
18 total
» build order
00:14 Altar of Storms
00:28 Orc Burrow
00:54 War Mill
01:28 Barracks
02:09 Orc Burrow
02:26 Voodoo Lounge
03:13 Watch Tower
03:38 Orc Burrow
03:40 Orc Burrow
» items
| Lesser Clarity Potion | 6 | |
| Healing Salve | 1 | |
| Scroll of Regeneration | 1 | |
| Scroll of Town Portal | 1 | |
| Orb of Fire | 1 | |
10 total
Roving (
teal | 285 APM | 1044 actions | 03:40)
2 Blood Mage
1 Flame Strike
1 Siphon Mana
» actions
| Assign group hotkey | 31 | |
| Basic commands | 26 | |
| Build / train | 34 | |
| Enter build submenu | 23 | |
| Enter hero's abilities submenu | 3 | |
| Remove unit from queue | 3 | |
| Right click | 623 | |
| Select / deselect | 164 | |
| Select group hotkey | 99 | |
| Use ability | 38 | |
1044 total
» units
| Peasant | 5 | |
| Footman | 11 | |
| Knight | 2 | |
| Rifleman | 3 | |
21 total
» upgrades
» buildings
| Altar of Kings | 1 | |
| Farm | 9 | |
| Barracks | 3 | |
| Scout Tower | 3 | |
| Arcane Tower | 1 | |
| Keep | 1 | |
| Arcane Vault | 1 | |
| Castle | 1 | |
| Lumber Mill | 1 | |
| Blacksmith | 1 | |
| Guard Tower | 2 | |
24 total
» build order
00:09 Altar of Kings
00:29 Farm
00:43 Barracks
00:47 Farm
01:33 Farm
02:06 Farm
02:32 Barracks
03:00 Scout Tower
03:34 Arcane Tower
03:38 Barracks
03:40 Farm
Chat log
(00:05 / Allies) LaLiKiLLer: hey
(00:09 / Allies) LaLiKiLLer: im hunt to bears
(00:12 / Allies) LaLiKiLLer: rush?
(00:26 / Allies) brokebastard: yeah rush
(00:27 / Allies) f.u.m: sure
(00:35 / Allies) LaLiKiLLer: split
(00:42 / Allies) brokebastard: k
(00:45 / Allies) brucewillisusa: nah no rush
(00:53 / Allies) f.u.m: damng
(00:56 / Allies) LaLiKiLLer: ...
(01:03 / Allies) LaLiKiLLer: cmon
(01:05 / Allies) brokebastard: rush on this map
(01:10 / Allies) brucewillisusa: rush on every map
(01:12 / Allies) brucewillisusa: boring as fuck
(01:18 / Allies) brucewillisusa: name a map you dont rush on
(01:19 / Allies) brucewillisusa: besides slalom
(01:24 / Allies) brucewillisusa: i bet you say"rush?" every map
(01:28 / Allies) brucewillisusa: like its even a question to you
(01:35 / Allies) LaLiKiLLer: stfu
(01:39 / Allies) LaLiKiLLer: we rush
(01:40 / Allies) brucewillisusa: u cant name one?
(01:47 / Allies) brucewillisusa: name one and ill rush
(01:49 / Allies) brucewillisusa: if i believe you
(02:07 / Allies) brokebastard: fine...im not going to argue
(02:16 / Allies) brokebastard: kisses*
(02:21 / Allies) brucewillisusa: yeah cuz its true
(02:23 / Allies) brucewillisusa: every map...
(02:25 / Allies) brucewillisusa: "rush?"
(02:34 / Allies) brokebastard: i said im not going to argue
(02:53 / Allies) brucewillisusa: look at them rushing
(02:57 / Allies) brucewillisusa: "rush?" one of them said
(02:58 / Allies) brucewillisusa: zzzz
(02:59 / Allies) LaLiKiLLer: wow
(03:40 / All) Roving: gg